AoeStats
← NaiserPC

MegaRandom

510218303Analyzed
3v3 RM · 2d ago on Sep 30, 2026· 43m 13s· 6 players
Game mode
Random Map
Map size
Normal (6 player)
Population
200
Speed
Normal
Resources
Standard
Victory
Conquest
Starting age
Dark Age
Ending age
Imperial Age
RankedLock teamsTeams togetherTeam positionsShared explorationLock speedFull tech treeHidden civsTurbo modeCheats
Victory
Defeat
🇨🇱 Gurjaras · Chile
951
+12
🇧🇷 Turks · Brazil
901
+14
🇲🇽 Magyars · Mexico
844
+16
🇺🇸 Bulgarians · United States
862
-14
🇺🇸 Romans · United States
859
-14
🇺🇸 Mapuche · United States
851
-14
STANLEY8392
0:35 Loom
11:41 Feudal Age
12:07 Double-Bit Axe
12:05 Horse Collar
13:02 Wheelbarrow
20:12 Castle Age
18:18 Gold Mining
19:19 Stone Mining
19:59 Forging
21:32 Bow Saw
21:45 Scale Mail Armor
23:52 Heavy Plow
25:04 Padded Archer Armor
28:38 Hand Cart
29:15 Leather Archer Armor
29:17 Chain Mail Armor
33:47 Imperial Age
32:10 Gold Shaft Mining
32:09 Fletching
32:50 Bodkin Arrow
35:42 Two-Man Saw
36:13 Ring Archer Armor
36:19 Iron Casting
39:12 Bracer
40:51 Plate Mail Armor
pdepardo
11:19 Feudal Age
12:18 Double-Bit Axe
11:56 Man-at-Arms
20:37 Castle Age
18:53 Horse Collar
27:20 Wheelbarrow
26:33 Town Watch
28:15 Loom
30:00 Devotion
32:47 Imperial Age
30:54 Bow Saw
33:19 Hand Cart
33:48 Masonry
35:57 Padded Archer Armor
35:51 Gold Mining
37:02 Leather Archer Armor
36:13 Elite Skirmisher
43:03 Long Swordsman
Trukson
2:51 Loom
11:10 Feudal Age
20:43 Fletching
24:02 Castle Age
22:50 Padded Archer Armor
24:51 Bloodlines
25:27 Scale Barding Armor
31:20 Thumb Ring
34:41 Corvinian Army
39:41 Imperial Age
37:19 Bodkin Arrow
38:54 Leather Archer Armor
41:28 Conscription
42:40 Gold Mining
43:14 Bracer
43:45 Ring Archer Armor
Danny_On_PC
9:03 Loom
10:48 Feudal Age
11:57 Horse Collar
21:37 Double-Bit Axe
22:44 Scale Mail Armor
22:54 Forging
25:37 Castle Age
25:21 Fletching
26:01 Gold Mining
28:14 Iron Casting
27:54 Chain Mail Armor
27:46 Scale Barding Armor
27:38 Bodkin Arrow
28:49 Bow Saw
29:58 Heavy Plow
32:23 Gold Shaft Mining
31:40 Stone Mining
33:02 Wheelbarrow
32:45 Fervor
34:40 Hand Cart
36:23 Stone Shaft Mining
37:18 Chain Barding Armor
38:57 Bloodlines
38:47 Husbandry
38:08 Light Cavalry
38:52 Bodkin Arrow
NaiserPC
6:39 Loom
13:02 Feudal Age
13:26 Horse Collar
14:05 Man-at-Arms
16:20 Scale Mail Armor
17:47 Wheelbarrow
22:50 Castle Age
23:27 Double-Bit Axe
23:44 Heavy Plow
23:08 Pikeman
23:49 Squires
24:07 Chain Mail Armor
24:03 Forging
23:26 Long Swordsman
28:15 Iron Casting
37:13 Imperial Age
37:22 Legionary
38:16 Heavy Scorpion
39:40 Ballistas
Zekkie
7:35 Loom
13:14 Feudal Age
13:41 Double-Bit Axe
15:30 Horse Collar
22:14 Castle Age
20:49 Stone Mining
22:35 Gold Mining
26:44 Bow Saw
26:58 Heavy Plow
27:04 Padded Archer Armor
26:55 Fletching
27:58 Gold Mining
28:30 Leather Archer Armor
28:22 Bodkin Arrow
29:33 Gold Shaft Mining
31:36 Elite Skirmisher
38:47 Ballistics
43:38 Stone Shaft Mining
45:36 Imperial Age
Connection lost

Rejoining the realm…

Still unreachable

The connection could not be restored.

Session expired

The server has moved on; the page needs a fresh start.